 Dungeon Crawl Stone Soup version 0.27-a0-1287-gca74d27db6 (webtiles) character file.

Game seed: 9509673616066029881

0 spiderkeys the Skirmisher (level 1, -4/18 HPs)
             Began as a Merfolk Abyssal Knight on June 14, 2021.
             Was a Follower of Lugonu.
             Slain by a flying skull (8 damage)
             ... on level 1 of the Abyss.
             The game lasted 00:00:59 (170 turns).

spiderkeys the Skirmisher (Merfolk Abyssal Knight)   Turns: 170, Time: 00:00:59

Health: -4/18      AC:  3    Str: 12    XL:     1   Next: 0%
Magic:  2/2        EV: 12    Int: 11    God:    Lugonu [*.....]
Gold:   0          SH:  0    Dex: 13    Spells: 0/0 levels left

rFire    . . .     SeeInvis .   a - +1 spear
rCold    . . .     Faith    .   (no shield)
rNeg     . . .     Spirit   .   b - +0 leather armour
rPois    .         Reflect  .   (no helmet)
rElec    .         Harm     .   (no cloak)
rCorr    .         Rampage  .   (no gloves)
Will     .....                  (no boots)
Stlth    +.........             (no amulet)
HPRegen  0.06/turn              (no ring)
MPRegen  0.08/turn              (no ring)

@: no status effects
A: (nimble swimmer 2), mertail
a: Renounce Religion, Depart the Abyss


You were on level 1 of the Abyss.
You worshipped Lugonu.
Lugonu was aware of your devotion.
You visited 0 branches of the dungeon, and saw 0 of its levels.
You visited the Abyss 1 time.


Innate Abilities, Weirdness & Mutations

((You are quick and stealthy near water. (Stealth+, EV+, Speed+++)))
Your lower body shifts to a powerful aquatic tail in water.


   Skills:
 + Level 3.2 Fighting
 + Level 3.0 Polearms
 + Level 0.6 Armour
 + Level 2.6 Dodging
 + Level 2.0 Invocations


You couldn't memorise any spells.
You didn't know any spells.
Your spell library was empty.

Inventory:

Hand Weapons
 a - a +1 spear (weapon)
Missiles
 c - 14 stones
Armour
 b - a +0 leather armour (worn)
Potions
 d - a potion of lignification {unknown}

Dungeon Overview and Level Annotations

Branches:
Dungeon (0/15)

Altars:

#. . .#. # .#.# ##..
.. ..#.##...# .#
##..#.#..##.## .
#.................
#...............
#............. ...
#...@........... .
#...z.......... . .
#..zz.##.... .##
#.##.....##......##.
#..................
#.##............ ...
.###........... .....
.....................
#................. ..


You could see 3 flying skulls.


Message History

🤖 Initializing magus.rc ...
Options error: Delay interrupt name "hungry" not recognised. (~/.crawlrc:4988) ✅ Successfully initialized magus.rc [v1.9.10] Welcome, spiderkeys the Merfolk Abyssal Knight.
The bosom of this dungeon contains the legendary artefact, the Orb of Zot.
Lugonu says: Depart the Abyss and spread corruption, my servant! (use the ability menu to exit the Abyss) Press ? for a list of commands and other information.
Found a corrupted altar of Lugonu.
Your legs become a tail as you enter the water.
c - 14 stones
d - a scroll labelled NEGIOQ MAJ WEDD
As you read the scroll labelled NEGIOQ MAJ WEDD, it crumbles to dust.
It is a scroll of identify.
You don't have any unidentified items.
A small abomination comes into view.
d - a viscous sapphire potion Your legs become a tail as you enter the water.
A shadow comes into view.
A tentacled starspawn comes into view.
A tentacle flies out from the starspawn's body!
A starspawn tentacle comes into view.
A starspawn tentacle comes into view.
A demonic crawler comes into view.
e - a scroll labelled LIFRYNIPTA
f - a scroll labelled GUKHIO KIVOZOU Your legs become a tail as you enter the water.
A shadow demon comes into view.
You are suddenly pulled into a different region of the Abyss!
As you read the scroll labelled LIFRYNIPTA, it crumbles to dust.
You hear a loud clanging noise!
It was a scroll of noise.
Unknown command.
As you read the scroll labelled GUKHIO KIVOZOU, it crumbles to dust.
You feel momentarily disoriented.
It was a scroll of magic mapping.
A flying skull comes into view.
A flying skull comes into view.
A flying skull comes into view.
The flying skull gives a hideous shriek!
The flying skull hits you. 😕 HP[-1]
You take 1 damage, and now have 17/18 hp.
The flying skull hits you!
Ouch! That really hurt!
* * * LOW HITPOINT WARNING * * *
😱 HP[-13]
You take 13 damage, and now have 4/18 hp.
MASSIVE DAMAGE!! (PAUSE) Unknown command.
Unknown command.
The flying skull hits you!
You die...

Action                   || total
-------------------------++-------
  Use: Scroll            ||     3

Levels and vault maps discovered:
Abyss:1:  base: Temple, base: Temple, eino_small_chamber_without_monster,
          hangedman_abyss_or_decor_jellyfish_corner

Notes
Turn   | Place    | Note
-------+----------+-------------------------------------------
     0 | Abyss:1  | spiderkeys the Merfolk Abyssal Knight began the quest for
                  | the Orb.
     0 | Abyss:1  | Reached XP level 1. HP: 18/18 MP: 2/2
     0 | Abyss:1  | magus.rc [v1.9.10]
    75 | Abyss:1  | Noticed a small abomination
   105 | Abyss:1  | Noticed a shadow
   108 | Abyss:1  | Noticed a tentacled starspawn
   125 | Abyss:1  | Noticed a demonic crawler
   145 | Abyss:1  | Noticed a shadow demon
   160 | Abyss:1  | Noticed a flying skull
   161 | Abyss:1  | Noticed a flying skull
   162 | Abyss:1  | Noticed a flying skull
   168 | Abyss:1  | HP: 4/18 [flying skull (13)]
   170 | Abyss:1  | Slain by a flying skull

Vanquished Creatures (others)
  2 starspawn tentacles (Abyss:1)
2 creatures vanquished.

Table legend:
 A = Non-vault XP
 B = Vault XP
 C = Vault XP percentage of total XP
 D = Non-vault monster count
 E = Vault monster count
 F = Vault count percentage of total count
                 A         B        C        D         E       F
            +---------+---------+-------+---------+---------+-------
      Total |       0 |       0 |   N/A |       0 |       0 |  -nan
            +---------+---------+-------+---------+---------+-------
            +---------+---------+-------+---------+---------+-------

Illustrated notes

Table legend: (Time is in decaauts)
 A = Elapsed time spent in this place.
 B = Non-inter-level travel time spent in this place.
 C = Inter-level travel time spent in this place.
 D = Time resting spent in this place.
 E = Time spent auto-exploring this place.
 F = Levels seen in this place.
 G = Mean time per level.
                   A        B        C        D        E       F      G
               +--------+--------+--------+--------+--------+-----+--------+
         Total |    155 |    155 |      0 |      0 |     61 |   1 |  155.0 |
         Abyss |    155 |    155 |      0 |      0 |     61 |   1 |  155.0 |
               +--------+--------+--------+--------+--------+-----+--------+

Top non-repeatable levels by time:
 Abyss:1: 155 daAuts
